 Dungeon Crawl Stone Soup version 0.30-b1-2-g02819fbbbe (webtiles) character file.

Game seed: 14460407680507534033

2 Flugkiller the Magician (level 1, -1/18 HPs)
             Began as a Djinni Warper on May 14, 2023.
             Slain by a ball python (2 damage)
             ... on level 1 of the Dungeon.
             The game lasted 00:00:08 (85 turns).

Flugkiller the Magician (Djinni Warper)               Turns: 85, Time: 00:00:09

Health: -1/18      AC:  3    Str: 10    XL:     1   Next: 33%
Gold:   15         EV:  8    Int: 14    God:
                   SH:  0    Dex: 12

rFire   + + .        a - +0 short sword
rCold   x . .        (no shield)
rNeg    . . .        b - +0 leather armour
rPois   ∞            (no helmet)
rElec   .            (no cloak)
rCorr   .            (no gloves)
SInv    .            (boots unavailable)
Will    .....        (no amulet)
Stlth   +            (no ring)
HPRegen 0.23/turn    (no ring)
MPRegen 0.00/turn

%: infuse magic (-2 HP)
@: flying, constricted
A: sickness immunity, fire resistance 2, cold vulnerability 1, float, innate
caster, HP casting, extra vitality 1
a: no special abilities


You were on level 1 of the Dungeon.
You visited 1 branch of the dungeon, and saw 1 of its levels.

You collected 15 gold pieces.

Inventory:

Hand Weapons
 a - a +0 short sword (weapon)
Missiles
 d - 7 boomerangs of dispersal (quivered)
Armour
 b - a +0 leather armour (worn)
Scrolls
 z - a scroll of blinking


   Skills:
 + Level 2.1 Fighting
 - Level 1.7 Short Blades
 - Level 0.7 Throwing
 - Level 1.0 Armour
 - Level 2.1 Dodging
 + Level 2.4 Spellcasting


You knew the following spells:

 Your Spells              Type           Power      Damage    Failure   Level
a - Lesser Beckoning      Tloc           16%        N/A       17%         2
b - Vhi's Electric Charg  Tloc/Air       16%        N/A       32%         3
c - Teleport Other        Tloc           8%         N/A       32%         3
d - Manifold Assault      Tloc           8%         N/A       73%         4
r - Blink                 Tloc           16%        N/A       17%         2
Your spell library was empty.

Dungeon Overview and Level Annotations

Branches:
Dungeon (1/15) Zot: 5915

Altars:


Innate Abilities, Weirdness & Mutations

You are immune to sickness and miasma.
You are immune to poison.
Your flesh is very heat resistant. (rF++)
You are vulnerable to cold. (rC-)
You float through the air rather than walking.
You learn spells naturally, not from books.
Your magical power is your life essence.
You have superior vitality. (+4 MHP)


Message History

Welcome, Flugkiller the Djinni Warper.
Everyone else who sought the Orb of Zot has failed.
Will you be different?
Press ? for a list of commands and other information.
Found 15 gold pieces and a short sword.
Found a staircase leading out of the dungeon.
You begin with the following spells memorised: Blink, Lesser Beckoning, Vhi's Electric Charge, Teleport Other, Manifold Assault.
You now have 15 gold pieces.
There is a staircase leading out of the dungeon here.
A bat and an endoplasm come into view.
There are monsters nearby!
There are monsters nearby!
An endoplasm comes into view.
Found a book of Winter.
The bat hits you but does no damage.
You hit the bat but do no damage.
The endoplasm quivers.
The bat hits you but does no damage. The bat hits you.
You closely miss the bat.
The endoplasm quivers.
The bat hits you.
A ball python comes into view.
Found 16 gold pieces.
The bat barely misses you.
You closely miss the bat. The bat hits you.
Unknown command.
The bat hits you but does no damage. The bat closely misses you.
The bat attacks as you move away! The bat hits you but does no damage.
The bat closely misses you. The bat attacks as you move away!
The bat hits you but does no damage. The bat misses you. x2
The bat attacks as you move away! The bat hits you but does no damage.
The bat closely misses you. The bat closely misses you.
You hit the bat.
You kill the bat!
You hit the endoplasm but do no damage. The endoplasm hits you.
You hit the endoplasm.
The endoplasm is lightly wounded.
The endoplasm closely misses you.
You hit the endoplasm.
The endoplasm is severely wounded.
The endoplasm freezes you.
You are frozen.
You feel a terrible chill! The endoplasm closely misses you.
You barely miss the endoplasm.
The endoplasm is severely wounded.
The endoplasm barely misses you. The endoplasm hits you.
You hit the endoplasm.
You kill the endoplasm!
The endoplasm freezes you.
You are frozen.
You closely miss the ball python. The ball python closely misses you.
The ball python misses you.
You hit the endoplasm.
The endoplasm is lightly wounded.
The ball python bites you but does no damage.
The ball python grabs you. The ball python constricts you.
The endoplasm freezes you.
You are frozen.
You feel a terrible chill! The ball python bites you.
* * * LOW HITPOINT WARNING * * *
The ball python constricts you.
You hit the endoplasm.
The endoplasm is severely wounded.
The ball python bites you but does no damage.
The ball python constricts you.
You barely miss the endoplasm.
The endoplasm is severely wounded.
The endoplasm freezes you.
You are frozen.
You feel a terrible chill!
* * * LOW HITPOINT WARNING * * *
The ball python bites you but does no damage.
The ball python constricts you.
* * * LOW HITPOINT WARNING * * *
You hit the endoplasm.
The endoplasm is almost dead.
The endoplasm closely misses you.
The ball python bites you but does no damage.
The ball python constricts you.
You hit the endoplasm.
You kill the endoplasm!
The ball python bites you.
You die...

##......)#
######..#
###..#..#
##.......#
#....<..##
#..#..###
#..######
#.......##
##....@..#
######S.#
######..#
##.......#
#...J...##
#.S######
#..#
........#
$........


You could see a ball python.

Vanquished Creatures
  2 endoplasms (D:1)
  A bat (D:1)
3 creatures vanquished.

Notes
Turn   | Place    | Note
-------+----------+-------------------------------------------
     0 | D:1      | Flugkiller the Djinni Warper began the quest for the Orb.
     0 | D:1      | Flugkiller set off with the following spells memorised:
                  | Blink, Lesser Beckoning, Vhi's Electric Charge, Teleport
                  | Other, Manifold Assault.
     0 | D:1      | Reached XP level 1. HP: 18/18 MP: 0/0
    85 | D:1      | Slain by a ball python

Illustrated notes

Levels and vault maps discovered:
D:1:      minmay_arrival_wavy_path, layout_rooms, minmay_pentomino_u4

Action                     || total
---------------------------++-------
  Melee: Short sword       ||    15
 Armour: Leather armour    ||    10
  Dodge: Dodged            ||    13
